 Dungeon Crawl Stone Soup version 0.27-a0-681-g0c81a3c1c3 (webtiles) character file.

Game seed: 5712266608381739024

46 jasper the Ruffian (level 3, -1/19 HPs)
             Began as a Vine Stalker Fighter on Mar 19, 2021.
             Slain by a gnoll
             ... wielding a +0 whip
              (2 damage)
             ... on level 2 of the Dungeon.
             The game lasted 00:04:13 (2534 turns).

jasper the Ruffian (Vine Stalker Fighter)           Turns: 2534, Time: 00:04:14

Health: -1/19      AC:  7    Str: 18    XL:     3   Next: 68%
Magic:  0/4        EV:  7    Int:  9    God:
Gold:   52         SH:  9    Dex: 13    Spells: 2/2 levels left

rFire    . . .     SeeInvis .     - Unarmed
rCold    . . .     Faith    .   b - +0 kite shield
rNeg     . . .     Spirit   +   a - +0 scale mail
rPois    .         Reflect  .   (no helmet)
rElec    .         Harm     .   (no cloak)
rCorr    .         Rampage  .   g - +0 pair of gloves
Will     .....                  (no boots)
Stlth    ..........             (no amulet)
HPRegen  0.06/turn              (no ring)
MPRegen  0.09/turn              (no ring)

@: no status effects
A: fangs 2, magic shield, antimagic bite, no potion heal 3
a: no special abilities


You were on level 2 of the Dungeon.
You visited 1 branch of the dungeon, and saw 2 of its levels.

You collected 52 gold pieces.

Inventory:

Hand Weapons
 c - a +0 short sword
Missiles
 k - 3 stones (quivered)
Armour
 a - a +0 scale mail (worn)
 b - a +0 kite shield (worn)
 g - a +0 pair of gloves (worn)
Scrolls
 d - 2 scrolls of identify
 e - a scroll of random uselessness
 f - 2 scrolls of torment
 j - a scroll of fear {unknown}
 l - a scroll of immolation {unknown}
Potions
 h - a potion of heal wounds {unknown}
 i - a potion of curing {unknown}
 m - 2 potions of brilliance {unknown}


   Skills:
 - Level 2.6 Fighting
 - Level 2.4 Armour
 + Level 3.2 Shields
 * Level 3.4 Unarmed Combat


You had 2 spell levels left.
You didn't know any spells.
Your spell library was empty.

Dungeon Overview and Level Annotations

Branches:
Dungeon (2/15)

Altars:

Annotations:
D:1 Natasha
D:2 1 runed translucent door, Crazy Yiuf


Innate Abilities, Weirdness & Mutations

You have extremely sharp teeth.
When hurt, damage is shared between your health and your magic reserves.
Your bite disrupts and absorbs the magic of your enemies.
Potions cannot restore your health.


Message History

Health restored: 19 A gnoll comes into view.
It is wielding a +0 whip.
The gnoll shouts!
A gnoll comes into view. It is wielding a +0 whip.
You hit the gnoll. Your bite misses the gnoll.
The gnoll is heavily wounded.
The gnoll hits you with a +0 flail.
You take 3 damage, and have 16/19 hp.
You hit the gnoll. Your bite misses the gnoll.
The gnoll is severely wounded.
The gnoll hits you with a +0 flail!
A gnoll comes into view. It is wielding a +0 spear.
You take 5 damage, and have 11/19 hp.
MASSIVE DAMAGE!!
You now have 2/4 mp.
You hit the gnoll.
You kill the gnoll!
You hit the gnoll. You bite the gnoll. You drain its power.
You feel invigorated.
The gnoll is moderately wounded.
The gnoll hits you with a +0 whip.
You take 3 damage, and have 8/19 hp.
The gnoll barely misses you.
MP restored: 4 You block the gnoll's attack.
You closely miss the gnoll.
The gnoll is lightly wounded.
The gnoll hits you with a +0 whip.
The gnoll hits you from afar with a +0 spear!
* * * LOW HITPOINT WARNING * * *
You take 9 damage, and have 1/19 hp.
MASSIVE DAMAGE!!
You now have 0/4 mp.
The gnoll shouts!
Okay, then.
As you read the scroll labelled TILYAG MOIMN, it crumbles to dust.
It is a scroll of identify.
e - a scroll of random uselessness You block the gnoll's attack.
As you read the scroll labelled XOM PEOPAODA, it crumbles to dust.
You feel a surge of unholy energy.
The gnoll convulses! x3
It was a scroll of torment.
The gnoll hits you but does no damage. The gnoll hits you with a +0 whip.
You die...

........# #.......# #.#
###.....####.......# #.#
#................# #.#
#................# #.#
#................# #.#
#...........รท....# #g#
#...........###### #.#
#...........########.#
###[...........g@gg....#
.....########.##########
'##### ####'## ...#
#.....# ...# #.....#
...# #.....# ...####
#.....# ......# #.....#
......# #.....#


You could see 3 gnolls.

Vanquished Creatures
  A gnoll (D:2)
  An adder (D:2)
  A worm (D:2)
  2 dart slugs
  A leopard gecko (D:1)
  5 bats
  A giant cockroach (D:1)
  3 goblins (D:1)
  A hobgoblin (D:1)
  3 kobolds
  A frilled lizard (D:1)
  2 rats (D:1)
22 creatures vanquished.

Notes
Turn   | Place    | Note
-------+----------+-------------------------------------------
     0 | D:1      | jasper the Vine Stalker Fighter began the quest for the
                  | Orb.
     0 | D:1      | Reached XP level 1. HP: 11/11 MP: 2/2
   397 | D:1      | Reached XP level 2. HP: 16/16 MP: 3/3
  1643 | D:2      | Noticed Natasha
  1949 | D:2      | Reached XP level 3. HP: 13/19 MP: 2/4
  2079 | D:2      | Found a runed translucent door.
  2080 | D:2      | Noticed Crazy Yiuf
  2534 | D:2      | Slain by a gnoll

Illustrated notes

Levels and vault maps discovered:
D:1:      dpeg_arrival_tiny_a, layout_basic
D:2:      layout_basic, serial_shops, nicolae_shop_crystal, uniq_natasha,
          uniq_crazy_yiuf_cottage

Skill      XL: |  1  2 |
---------------+-------+-----
Shields        | 3 |  3.2
Unarmed Combat | 3 |  3.4
Fighting       | |  2.6
Armour         | |  2.4

Action                   || total
-------------------------++-------
Melee: Unarmed           ||    91
       Bite              ||    22
Throw: Stone             ||     8
  Use: Potion            ||     1
       Scroll            ||     2
Armor: Scale mail        ||    45
Dodge: Dodged            ||    30
Block: Kite shield       ||    39

Table legend: (Time is in decaauts)
 A = Elapsed time spent in this place.
 B = Non-inter-level travel time spent in this place.
 C = Inter-level travel time spent in this place.
 D = Time resting spent in this place.
 E = Time spent auto-exploring this place.
 F = Levels seen in this place.
 G = Mean time per level.
                   A        B        C        D        E       F      G
               +--------+--------+--------+--------+--------+-----+--------+
         Total |   2557 |   2524 |     33 |    623 |   1235 |   2 | 1278.5 |
       Dungeon |   2557 |   2524 |     33 |    623 |   1235 |   2 | 1278.5 |
               +--------+--------+--------+--------+--------+-----+--------+

Top non-repeatable levels by time:
     D:1: 1636 daAuts
     D:2: 920 daAuts
